Map: Rhoskallian LE

Players

Ekelpack - Winner!

  • Race: Zerg Zerg
  • Spawn Location: 12:00

Nyck - Winner!

  • Race: Terran Terran
  • Spawn Location: 11:00

ImmortalPoop

  • Race: Protoss Protoss
  • Spawn Location: 6:00

Kimshi

  • Race: Terran Terran
  • League: Master
  • Spawn Location: 5:00

VOD

Have the link to the VOD?

Description

Time

  • Played on: Oct. 2, 2024, 2:27 p.m.
  • Length: 18:20
Show
View Real Time Build Order
Export as new Build Order

Ekelpack Zerg - Winner!

Build Orders: Hatch First 

Get SALT Encoding   

  12  0:00  Drone  
  13  0:12  Overlord  
  13  0:18  Drone  
  14  0:32  Drone x2  
  16  0:54  Hatchery  
  16  0:55  Drone  
  16  1:09  Spawning Pool  
  16  1:11  Drone  
  16  1:15  Extractor  
  16  1:17  Drone  
  16  1:21  Drone  
  18  1:25  Drone  
  18  1:33  Drone  
  19  1:56  Queen  
  19  1:59  Overlord  
  21  2:06  Queen  
  23  2:09  Drone  
  23  2:12  Drone  
  25  2:17  Drone  
  25  2:19  Drone  
  25  2:21  Drone  
  28  2:26  Drone  
  29  2:30  Drone  
  30  2:40  Drone x2  
  32  2:47  Extractor  
  32  2:48  Drone  
  32  2:52  Drone  
  32  2:56  Lair  
  32  2:57  Extractor  
  32  3:01  Drone x2  
  34  3:06  Drone  
  34  3:07  Drone  
  34  3:09  Overlord  
  36  3:15  Extractor  
  36  3:16  Drone  
  36  3:27  Queen  
  36  3:33  Drone  
  36  3:34  Drone  
  40  3:40  Drone x2  
  42  3:50  Zergling x4  
  44  4:00  Spire  
  43  4:29  Drone x4  
  44  4:31  Overlord  
  44  4:41  Overlord x2  
  43  4:58  Drone  
  42  5:00  Drone x3  
  45  5:17  Mutalisk x4  
  45  5:19  Mutalisk x3  
  59  5:22  Mutalisk  
  61  5:29  Zerg Flyer Weapons Level 1  
  61  5:44  Hatchery  
  60  5:50  Metabolic Boost  
  60  5:55  Overlord  
  60  5:56  Infestation Pit  
  57  6:31  Mutalisk x5  
  57  6:32  Mutalisk  
  65  6:34  Zergling x14  
  65  6:35  Zergling x2  
  73  6:45  Overlord x2  
  73  7:06  Extractor  
  73  7:07  Drone x2  
  74  7:09  Extractor  
  74  7:11  Hive  
  74  7:15  Drone  
  74  7:23  Drone  
  74  7:24  Zerg Flyer Weapons Level 2  
  75  7:47  Mutalisk  
  75  7:48  Mutalisk x4  
  75  7:49  Zergling x4, Overlord  
  75  7:50  Overlord x2  
  87  8:02  Drone x3  
  90  8:07  Drone x4, Overlord x2  
  90  8:11  Pneumatized Carapace  
  94  8:21  Drone x3  
  94  8:26  Drone x2  
  94  8:27  Drone  
  100  8:42  Drone  
  101  8:53  Ultralisk Cavern  
  101  8:55  Drone x4  
  103  9:01  Evolution Chamber  
  103  9:05  Evolution Chamber  
  102  9:12  Overlord  
  102  9:16  Adrenal Glands  
  102  9:38  Overlord x2  
  102  9:39  Overlord  
  102  9:43  Zerg Melee Weapons Level 1  
  102  9:44  Zerg Ground Armor Level 1  
  102  9:45  Chitinous Plating  
  102  9:48  Ultralisk x4  
  126  10:12  Ultralisk x2  
  138  10:39  Ultralisk x2  
  138  10:40  Zergling x2  
  138  10:41  Zergling x14  
  138  10:42  Zergling x2  
  159  11:06  Anabolic Synthesis  
  159  11:09  Zerg Flyer Weapons Level 3  
  159  11:10  Overlord x3  
  159  11:20  Overlord  
  159  11:21  Ultralisk  
  165  11:38  Zerg Melee Weapons Level 2  
  165  11:39  Zerg Ground Armor Level 2  
  117  12:30  Ultralisk x5  
  117  12:31  Zergling x12  
  117  12:32  Zergling x4  
  117  12:36  Zergling x6  
  153  12:37  Zergling x2  
  147  12:48  Zergling x6  
  150  13:04  Ultralisk x2  
  150  13:05  Hatchery, Zergling x8  
  171  13:20  Zergling x6, Ultralisk  
  174  14:02  Zerg Melee Weapons Level 3  
  174  14:03  Zerg Ground Armor Level 3  
  174  14:14  Drone x2  
  172  14:21  Drone  
  158  14:46  Drone  
  158  14:47  Drone x6  
  158  14:48  Drone x6  
  158  14:49  Drone x4  
  175  15:15  Ultralisk x4  
  175  15:19  Extractor  
  175  15:20  Extractor  
  182  15:43  Ultralisk x3  
  186  16:14  Zerg Flyer Armor Level 1  
  186  16:16  Corruptor x4  
  186  16:17  Corruptor x3  
  200  16:47  Overlord  
  200  17:04  Overlord  
  200  17:26  Hatchery  
  170  17:39  Ultralisk  
  170  17:40  Ultralisk x4  
  198  17:55  Zergling x4  
Show
View Real Time Build Order
Export as new Build Order

Nyck Terran - Winner!

Build Orders: Reaper Expand 

Get SALT Encoding   

  12  0:01  SCV  
  13  0:13  SCV  
  14  0:18  Supply Depot  
  14  0:25  SCV  
  15  0:40  SCV, Barracks  
  16  0:46  Refinery  
  16  0:52  SCV  
  17  1:04  SCV  
  18  1:16  SCV  
  19  1:29  Reaper  
  20  1:36  Command Center  
  20  1:44  Orbital Command  
  20  1:52  Refinery  
  20  2:07  Reaper  
  21  2:10  SCV  
  22  2:19  Barracks  
  22  2:21  Supply Depot  
  22  2:28  SCV  
  23  2:43  SCV  
  24  2:48  SCV  
  24  2:49  Reaper  
  26  2:55  SCV  
  27  3:00  Orbital Command  
  27  3:08  SCV  
  28  3:19  Refinery  
  28  3:20  SCV  
  28  3:23  Reaper  
  30  3:32  SCV  
  30  3:33  SCV  
  32  3:44  SCV  
  32  3:45  SCV  
  33  4:05  Marine x2  
  35  4:35  Marine x2  
  37  4:41  SCV x2  
  39  4:48  Refinery, Command Center  
  39  4:53  Barracks Tech Lab, SCV x2  
  39  4:55  Barracks Tech Lab  
  41  5:03  Engineering Bay, Factory  
  41  5:05  SCV x2  
  43  5:08  Barracks  
  43  5:14  Supply Depot  
  43  5:17  SCV  
  43  5:18  SCV  
  45  5:29  SCV  
  46  5:36  SCV  
  46  5:37  Supply Depot  
  46  5:42  SCV  
  48  5:48  SCV  
  49  5:54  SCV  
  49  5:56  Barracks  
  50  5:59  Supply Depot  
  50  6:00  SCV  
  52  6:06  SCV  
  52  6:12  SCV  
  52  6:18  SCV  
  51  6:22  Marine x2  
  51  6:23  Marine  
  51  6:24  SCV  
  55  6:29  Starport  
  55  6:30  SCV  
  56  6:34  Starport  
  56  6:36  Terran Infantry Weapons Level 1  
  56  6:39  Engineering Bay  
  56  6:42  Marine x2, Armory  
  56  6:44  Barracks  
  56  6:46  Marine  
  59  6:48  Stimpack  
  59  6:49  Combat Shield  
  59  6:59  Missile Turret  
  58  7:01  Missile Turret  
  58  7:06  Missile Turret  
  58  7:08  SCV x2  
  60  7:11  Orbital Command, Starport  
  60  7:19  Marine x2  
  60  7:20  SCV x2  
  60  7:22  Barracks Reactor  
  65  7:25  Barracks Reactor  
  65  7:26  Missile Turret  
  64  7:31  Terran Infantry Armor Level 1  
  64  7:32  SCV x2  
  64  7:34  Barracks Reactor  
  64  7:36  Starport Reactor  
  66  7:46  SCV, Missile Turret  
  66  7:49  Marine  
  66  7:50  Marine  
  69  7:56  Starport Reactor  
  69  7:58  SCV  
  69  7:59  SCV  
  69  8:00  SCV  
  69  8:02  Marine x2  
  69  8:03  Marine x2  
  76  8:07  Marine x2  
  76  8:10  SCV  
  76  8:11  SCV  
  76  8:12  SCV  
  81  8:13  Starport Reactor  
  81  8:20  Marine  
  81  8:22  SCV  
  81  8:24  SCV x2  
  85  8:33  Supply Depot  
  85  8:39  SCV x3, Marine x7  
  95  8:43  Marine  
  95  8:45  Viking x2  
  100  8:48  Terran Vehicle And Ship Armor Level 1  
  100  8:50  Terran Infantry Weapons Level 2  
  100  8:51  SCV  
  100  8:54  Viking x2  
  100  8:55  SCV x2  
  107  8:56  Supply Depot  
  107  9:02  Refinery  
  107  9:03  SCV  
  107  9:04  Refinery  
  107  9:06  Marine  
  109  9:16  Marine x4, Medivac  
  109  9:17  SCV x2, Marine, Medivac x2  
  117  9:18  Supply Depot, SCV, Medivac  
  125  9:26  Terran Infantry Armor Level 2  
  125  9:40  SCV x3, Marine x3, Medivac  
  125  9:41  Supply Depot, Marine x5, Medivac  
  140  9:51  Command Center  
  140  9:52  SCV  
  141  10:03  SCV x2, Marine x6, Concussive Shells  
  141  10:06  Supply Depot  
  149  10:28  Marine x5, Viking, Medivac x2  
  157  10:29  SCV x3, Viking x2, Medivac  
  157  10:30  Supply Depot  
  169  10:41  SCV x3  
  172  10:44  Terran Vehicle And Ship Armor Level 2  
  172  10:46  Marine  
  173  10:51  Marine x6  
  173  10:52  Supply Depot  
  173  10:54  SCV x2  
  181  11:02  SCV, Viking x5  
  192  11:07  Command Center  
  192  11:10  Marine x2  
  192  11:11  Marine x2  
  196  11:13  Supply Depot, Marine x4  
  196  11:18  Terran Infantry Weapons Level 3  
  200  11:36  Supply Depot  
  200  11:59  Supply Depot  
  145  13:01  Marine  
  145  13:02  Marine x7  
  132  13:19  Marine x4  
  125  13:20  Marine x4  
  105  13:29  Viking  
  105  13:30  Viking x5  
  117  13:37  Marine x8  
  125  13:43  Orbital Command  
  125  13:54  Marine  
  125  13:55  Marine x7  
  126  13:59  Viking  
  126  14:00  Viking x5  
  145  14:05  Terran Infantry Armor Level 3  
  145  14:07  Terran Vehicle And Ship Armor Level 3  
  145  14:12  Marine  
  145  14:13  Marine x7  
  153  14:19  SCV x4  
  157  14:29  Viking x2  
  157  14:30  Marine, Viking x4  
  157  14:31  Marine x7  
  177  14:48  Marine  
  177  14:49  Marine x7  
  185  14:59  Viking x2  
  127  15:00  Viking x4  
  189  15:06  Marine x5  
  192  15:24  Marine  
  188  15:29  Viking x3  
  188  15:30  Viking x3  
  191  15:41  Marine  
  191  15:42  Marine x7  
  199  15:59  Marine  
  170  16:24  Viking  
  170  16:25  Viking x5  
  182  16:28  Marine  
  183  16:37  Orbital Command  
  183  16:54  Viking  
  183  16:55  Viking x5  
  178  17:24  Viking  
  178  17:25  Viking x5  
  177  18:00  Marine x8  
Show
View Real Time Build Order
Export as new Build Order

ImmortalPoop Protoss 

Build Orders:  

Get SALT Encoding   

  12  0:09  Probe  
  13  0:21  Probe  
  14  0:35  Pylon  
  14  0:38  Assimilator  
  14  0:40  Probe  
  15  0:51  Assimilator  
  15  0:57  Gateway  
  15  1:01  Probe  
  16  1:13  Probe  
  17  1:25  Probe  
  18  1:37  Probe  
  19  1:45  Nexus  
  20  1:58  Cybernetics Core  
  19  2:12  Pylon  
  19  2:15  Assimilator  
  19  2:22  Probe  
  20  2:34  Probe  
  20  2:35  Stalker (Chrono Boost)  
  20  3:04  Probe  
  21  3:12  Stargate  
  21  3:16  Pylon  
  21  3:17  Probe (Chrono Boost)  
  22  3:27  Probe (Chrono Boost)  
  23  3:37  Probe (Chrono Boost)  
  23  3:40  Probe (Chrono Boost)  
  25  3:41  Probe (Chrono Boost)  
  26  3:51  Probe  
  26  3:53  Probe  
  28  4:02  Void Ray (Chrono Boost)  
  33  4:31  Probe (Chrono Boost)  
  37  4:40  Stargate  
  37  4:41  Probe (Chrono Boost)  
  37  4:43  Void Ray (Chrono Boost)  
  37  4:44  Pylon  
  38  4:46  Probe (Chrono Boost)  
  39  4:57  Probe  
  39  4:59  Probe  
  41  5:01  Assimilator  
  41  5:09  Probe  
  46  5:18  Void Ray (Chrono Boost)  
  46  5:27  Probe  
  46  5:28  Probe  
  52  5:29  Void Ray (Chrono Boost)  
  52  5:31  Protoss Air Weapons Level 1 (Chrono Boost)  
  52  5:40  Probe x2  
  58  5:53  Void Ray  
  59  6:23  Void Ray  
  55  6:36  Pylon  
  55  6:38  Pylon  
  55  6:40  Pylon  
  55  6:41  Shield Battery  
  55  6:51  Pylon  
  55  7:00  Void Ray (Chrono Boost)  
  59  7:20  Void Ray (Chrono Boost)  
  63  7:26  Probe x2  
  65  7:33  Void Ray  
  69  7:38  Probe x2  
  68  7:44  Shield Battery  
  68  7:50  Probe  
  73  7:56  Void Ray, Stargate  
  77  8:16  Void Ray  
  81  8:39  Void Ray  
  85  8:45  Void Ray  
  85  8:48  Assimilator  
  85  9:13  Nexus  
  85  9:18  Pylon  
  85  9:19  Pylon  
  85  9:20  Assimilator  
  85  9:21  Pylon  
  85  9:22  Pylon  
  85  9:23  Assimilator  
  83  9:35  Fleet Beacon  
  83  9:37  Pylon x2  
  91  9:38  Pylon  
  91  9:39  Pylon  
  91  9:42  Void Ray x2  
  91  9:47  Pylon  
  91  9:50  Probe  
  91  9:52  Pylon x2  
  96  10:01  Void Ray  
  96  10:03  Probe  
  97  10:15  Probe  
  97  10:16  Flux Vanes  
  97  10:20  Probe  
  99  10:27  Probe  
  99  10:32  Probe  
  98  10:39  Probe  
  99  10:46  Assimilator  
  99  10:57  Forge  
  99  10:59  Cybernetics Core  
  99  11:07  Probe x3  
  99  11:10  Anion Pulse-Crystals (Chrono Boost), Protoss Air Weapons Level 2 (Chrono Boost)  
  102  11:19  Probe, Phoenix x3  
  109  11:44  Phoenix x3  
  116  11:54  Probe x3  
  118  12:06  Probe  
  119  12:34  Phoenix x3  
  91  12:59  Phoenix x2 (Chrono Boost)  
  93  13:16  Void Ray (Chrono Boost)  
  80  13:24  Void Ray x2 (Chrono Boost)  
  72  13:51  Void Ray  
  72  14:00  Nexus  
  80  14:03  Void Ray x2 (Chrono Boost)  
  84  14:32  Void Ray (Chrono Boost)  
  84  14:43  Void Ray x2 (Chrono Boost)  
  84  14:45  Pylon  
  91  15:07  Void Ray  
  91  15:19  Void Ray  
  95  15:21  Void Ray  
  95  15:50  Void Ray  
  99  16:02  Void Ray  
  103  16:04  Void Ray  
  93  17:10  Nexus  
  105  17:15  Void Ray  
  105  17:20  Void Ray x2  
Show
View Real Time Build Order
Export as new Build Order

Kimshi Terran 

Build Orders:  

Get SALT Encoding   

  12  0:05  SCV  
  13  0:21  Supply Depot  
  13  0:26  SCV  
  14  0:46  Barracks  
  14  0:47  SCV  
  15  0:50  Refinery  
  15  1:00  SCV  
  16  1:12  SCV  
  17  1:24  SCV  
  18  1:36  Orbital Command  
  18  1:55  Factory  
  18  2:03  SCV  
  19  2:15  SCV, Refinery  
  20  2:25  Command Center  
  20  2:37  Reaper  
  21  2:56  Factory Reactor  
  21  3:01  Supply Depot  
  21  3:04  Supply Depot  
  21  3:07  SCV  
  21  3:35  Hellion x2  
  24  3:56  Hellion, Widow Mine  
  20  4:58  Barracks Reactor  
  19  5:05  Barracks  
  19  5:06  Barracks  
  19  5:09  Barracks, Command Center  
  19  5:15  Supply Depot  
  19  5:16  Supply Depot  
  19  5:26  Engineering Bay  
  19  5:27  Engineering Bay, Armory  
  19  5:28  Orbital Command  
  19  5:36  Marine x2  
  21  6:00  Marine x2, Factory Tech Lab  
  21  6:02  Barracks Tech Lab  
  21  6:03  Barracks Reactor x2  
  23  6:18  Marine x2  
  25  6:35  Orbital Command  
  25  6:36  Siege Tank  
  25  6:38  Terran Infantry Weapons Level 1  
  28  6:48  Orbital Command  
  28  6:55  Stimpack  
  28  7:13  SCV x2  
  28  7:14  SCV  
  31  7:25  SCV x2  
  31  7:26  SCV  
  34  7:35  Marine  
  34  7:36  Marine x6  
  41  7:37  SCV x2  
  41  7:38  SCV  
  44  7:53  Marine  
  44  7:54  Marine  
  46  8:06  Starport, Terran Infantry Armor Level 1  
  46  8:09  Marine x3  
  46  8:10  Marine x2  
  46  8:11  Marine x2  
  53  8:20  Terran Vehicle Weapons Level 1  
  53  8:21  Thor  
  59  8:27  Marine x2  
  59  8:29  SCV x2  
  59  8:30  SCV  
  64  8:34  Combat Shield  
  64  8:35  Refinery  
  64  8:36  Refinery  
  64  8:41  SCV x2  
  64  8:42  SCV  
  67  8:53  SCV  
  67  8:54  SCV x2  
  70  9:03  Starport Reactor  
  70  9:05  SCV, Marine, Marauder  
  70  9:06  SCV x2, Marine x5  
  70  9:08  Terran Infantry Weapons Level 2  
  81  9:22  Command Center  
  81  9:23  Marine x3  
  84  9:27  Marauder  
  86  9:41  Missile Turret  
  86  9:42  Missile Turret  
  86  9:45  Missile Turret  
  86  9:46  Missile Turret  
  86  9:48  Marauder  
  88  10:05  Missile Turret x2  
  88  10:11  Medivac  
  88  10:12  Medivac  
  92  10:14  Marine  
  93  10:26  Missile Turret  
  93  10:28  Missile Turret  
  93  10:41  Medivac  
  93  10:42  Medivac  
  97  10:54  Terran Infantry Armor Level 2  
  97  10:56  Missile Turret x3  
  97  10:57  Concussive Shells, Missile Turret  
  97  10:58  Marine, Marauder  
  97  10:59  Missile Turret  
  100  11:08  Fusion Core  
  100  11:16  Orbital Command  
  100  11:17  Missile Turret  
  100  11:20  Missile Turret  
  100  11:22  Missile Turret  
  100  11:35  Missile Turret  
  100  11:45  Terran Infantry Weapons Level 3  
  100  11:48  Terran Vehicle And Ship Armor Level 1  
  100  11:52  Armory  
  100  11:55  Missile Turret  
  100  11:58  Missile Turret  
  58  12:14  Marauder  
  54  12:18  Refinery  
  54  12:20  Refinery  
  54  12:27  Siege Tank  
  57  12:34  Marine x2  
  57  12:35  Marine, Marauder  
  62  12:37  Marine  
  63  12:46  Orbital Command  
  63  12:56  Marauder  
  57  13:14  Marine  
  57  13:15  Marine x5  
  57  13:18  Marauder  
  64  13:30  Siege Tank  
  64  13:32  Marine  
  64  13:33  Marine x5  
  73  13:39  Marauder  
  75  13:50  Marine x4  
  79  14:11  Command Center  
  79  14:15  Command Center  
  74  14:42  Marauder  
  74  14:43  Marine x4  
  65  15:04  Marauder  
  65  15:05  Siege Tank  
  70  15:13  Marine x6  
  76  15:23  Medivac  
  76  15:25  Marauder  
  80  15:31  Marine x2  
  75  15:46  Marauder  
  63  16:01  Marine  
  63  16:02  Marine x5  
  69  16:08  Marauder  
  59  16:19  Marine x6  
  65  16:29  Marine  
  66  16:33  Siege Tank  
  66  16:37  Marine x4  
  73  16:43  Planetary Fortress  
  73  16:57  Marine, Marauder  
  73  16:58  Marine x5  
  81  17:15  Marine  
  81  17:16  Marine x4  
  81  17:18  Marauder  
  81  17:19  Missile Turret  
  81  17:20  Missile Turret  
  83  17:23  Missile Turret  
  43  17:40  Missile Turret, Marauder  
  54  17:52  Marine x3  
Tags
 
Add a new tag
Caveats
  • Supply blocks, unpowered buildings, or Contaminate may cause inaccurate times.
  • Supply counts are checked every 10 seconds.